 Dungeon Crawl Stone Soup version 0.22-b1-59-g0aedee734a (webtiles) character file.

21 MrSplat the Sneak (level 2, -1/22 HPs)
             Began as a Naga Enchanter on Aug 9, 2018.
             Slain by an ooze (4 damage)
             ... on level 1 of the Dungeon.
             The game lasted 00:03:56 (1044 turns).

MrSplat the Sneak (Naga Enchanter)                  Turns: 1044, Time: 00:03:56

Health: -1/22      AC:  3    Str: 10    XL:     2   Next: 83%
Magic:  1/5        EV:  9    Int: 15    God:
Gold:   53         SH:  0    Dex: 11    Spells: 2/5 levels left

rFire    . . .     SeeInvis +   a - +1 dagger
rCold    . . .     Gourm    .   (no shield)
rNeg     . . .     Faith    .   i - +0 leather armour
rPois    +         Spirit   .   (no helmet)
rElec    .         Reflect  .   (no cloak)
rCorr    .         Harm     .   g - +0 pair of gloves
MR       .....                  (no barding)
Stlth    ++........             (no amulet)
HPRegen  0.07/turn              (no ring)
MPRegen  0.09/turn              (no ring)

@: short of breath, very slightly contaminated, very slow
A: large, see invisible, deformed body, poison resistance, slowness 2, slow
metabolism 1, spit poison 1, AC +0
a: Spit Poison


You were on level 1 of the Dungeon.
You were hungry.

You visited 1 branch of the dungeon, and saw 2 of its levels.

You collected 53 gold pieces.


Innate Abilities, Weirdness & Mutations

You cannot wear boots.
Your serpentine skin is tough. (AC +0)
You have supernaturally acute eyesight. (SInv)
Armour fits poorly on your strangely shaped body.
Your system is resistant to poisons. (rPois)
You cover ground very slowly.
You have a slow metabolism.
You can spit poison.


   Skills:
 - Level 1.0 Short Blades
 - Level 1.5 Dodging
 + Level 5.0 Stealth
 - Level 2.0 Spellcasting
 * Level 3.7 Hexes


You had 2 spell levels left.
You knew the following spells:

 Your Spells              Type           Power        Failure   Level  Hunger
a - Corona                Hex            ##.....      7%          1    #......
s - Ensorcelled Hibernat  Hex/Ice        #.....       22%         2    ###....

Your spell library contained the following spells:

 Spells                   Type           Power        Failure   Level  Hunger
 Confuse                  Hex            ##......     21%         3    ###....
 Tukima's Dance           Hex            ##......     21%         3    ###....
 Dazzling Spray           Conj/Hex       #.....       38%         3    ###....

Inventory:

Hand Weapons
 a - a +1 dagger (weapon)
Missiles
 e - 31 stones (quivered)
Armour
 g - a +0 pair of gloves (worn)
   (You found it on level 1 of the Dungeon)
 i - a +0 leather armour (worn)
   (You found it on level 1 of the Dungeon)
Scrolls
 j - 2 scrolls of identify {unknown}
 k - a scroll of amnesia {unknown}
 m - a scroll of magic mapping {unknown}
 q - a scroll of remove curse {unknown}
 t - a scroll of enchant armour {unknown}
Potions
 h - a potion of brilliance {unknown}
 l - a potion of degeneration {unknown}
 n - a potion of heal wounds {unknown}
 o - a potion of mutation {unknown}
 p - a potion of berserk rage {unknown}
 s - a potion of resistance {unknown}
Comestibles
 d - 4 rations {@e1}
 r - 3 chunks of flesh

Dungeon Overview and Level Annotations

Branches:
Dungeon (2/15)

Altars:

..###.#.......####.#..###.#
#.. ......##....†##
#........# #..
#.###.###...## ####.#####
#.# ......# ##'##### #.#
#.# #.###.# #..>..# #.# #..
#.###.# ##.....# #.# ###
......# #......# #.#
#.#######......######.# #.#
#......gJ@.....# #.#
##...###########
#.#######..## #......÷..##
###########


You could see an ooze and a goblin.


Message History

You butcher the giant cockroach corpse.
r - 2 chunks of flesh You see here a kobold corpse.
The kobold corpse isn't edible.
You start resting.
HP restored.
Health restored: 22
Found a stone staircase leading down.
s - a bubbling golden potion You now have 53 gold pieces (gained 7).
You open the door.
A kobold comes into view.
There is an open door here.
The helpless kobold fails to defend itself.
You impale the kobold!!
You kill the kobold!
Your Stealth skill increases to level 5!
e - 31 stones (gained 5)
You see here a kobold corpse.
You open the door. You open the door.
There is an open door here.
t - a scroll labeled VITIFEFRIA
There is an open door here.
There is an open door here.
A giant cockroach comes into view.
The helpless giant cockroach fails to defend itself.
You puncture the giant cockroach!
You kill the giant cockroach!
You butcher the giant cockroach corpse.
r - 3 chunks of flesh (gained 1) Done exploring.
Done exploring.
Done exploring.
Search for what [? for help]? .
Okay, then.
Okay, then.
(D) Dungeon
Where to? (? - help)
There is an open door here.
There is an open door here.
There is a stone staircase leading down here.
You climb downwards.
An ooze comes into view.
There is a stone staircase leading up here.
Found a stone staircase leading down.
The ooze quivers.
The ooze closely misses you.
A goblin comes into view. It is wielding a club.
The goblin shouts!
You hit the ooze.
The ooze is lightly wounded.
The ooze jiggles.
The ooze hits you but does no damage. The ooze barely misses you.
The goblin hits you with a club. The ooze hits you.
There is a stone staircase leading up here.
You take 6 damage, and have 16/22 hp.
MASSIVE DAMAGE!!
The goblin hits you but does no damage. The ooze hits you.
You climb upwards.
There is a stone staircase leading down here.
You take 3 damage, and have 13/22 hp.
The ooze hits you. The goblin misses you.
You take 3 damage, and have 10/22 hp.
The ooze hits you.
* * * LOW HITPOINT WARNING * * *
You take 3 damage, and have 7/22 hp.
The goblin hits you with a club.
* * * LOW HITPOINT WARNING * * *
You take 1 damage, and have 6/22 hp.
The ooze hits you.
* * * LOW HITPOINT WARNING * * *
You take 1 damage, and have 5/22 hp.
Use which ability? (? or * to list)
Press: ? - help, Shift-Dir - straight line, f - goblin
Aim: a goblin, wielding a club The splash of poison hits the ooze.
The ooze appears unharmed.
The ooze is lightly wounded.
You feel slightly more hungry. The ooze hits you.
* * * LOW HITPOINT WARNING * * *
You take 3 damage, and have 2/22 hp.
Casting: Corona (safe; 7% risk of failure)
Confirm with . or Enter, or press ? or * to list all spells.
Aiming: Ensorcelled Hibernation (safe; 22% risk of failure)
Press: ? - help, Shift-Dir - straight line, f/p - goblin
Aim: a goblin, wielding a club (chance to defeat MR: 56%)
You miscast Ensorcelled Hibernation.
You are very lightly contaminated with residual magic.
Strange energies run through your body. The ooze hits you but does no damage.
You now have 3/5 mp.
Unknown command.
Casting: Ensorcelled Hibernation (safe; 22% risk of failure)
Confirm with . or Enter, or press ? or * to list all spells.
Aiming: Ensorcelled Hibernation (safe; 22% risk of failure)
Press: ? - help, Shift-Dir - straight line, f/p - goblin
Aim: a goblin, wielding a club (chance to defeat MR: 56%)
The ooze resists with some effort.
You are feeling hungry.
The ooze hits you.
You die...

Skill      XL: |  1  2 |
---------------+-------+-----
Stealth        | 5 |  5.0
Short Blades   | |  1.0
Dodging        | |  1.5
Spellcasting   | |  2.0
Hexes          | |  3.7

Action                   || total
-------------------------++-------
Melee: Dagger            ||    59
 Cast: Corona            ||     3
       Ensorcelled Hiber ||     1
 Abil: Spit Poison       ||     7
 Stab: Sleeping          ||     6
Armor: Leather armour    ||    21
Dodge: Dodged            ||    43

Vault maps used:
D:1:      dpeg_arrival_lava_temple_mockup
D:2:      lemuel_crystal_altar

Notes
Turn   | Place    | Note
-------+----------+-------------------------------------------
     0 | D:1      | MrSplat the Naga Enchanter began the quest for the Orb.
     0 | D:1      | Reached XP level 1. HP: 15/15 MP: 3/3
   324 | D:1      | Reached XP level 2. HP: 22/22 MP: 5/5
   391 | D:1      | Learned a level 2 spell: Ensorcelled Hibernation
   930 | D:1      | Reached skill level 5 in Stealth
  1040 | D:1      | HP: 5/22 [ooze (1)]
  1042 | D:1      | HP: 2/22 [ooze (3)]
  1044 | D:1      | Slain by an ooze

Vanquished Creatures
  2 giant cockroaches (D:1)
  2 goblins (D:1)
  2 hobgoblins (D:1)
  4 kobolds (D:1)
  4 bats (D:1)
  2 frilled lizards (D:1)
  4 rats (D:1)
20 creatures vanquished.

Table legend:
 A = Turns spent in this place as a percentage of turns spent in the entire game.
 B = Non-inter-level travel turns spent in this place as a percentage of non-inter-level travel turns spent in the entire game.
 C = Inter-level travel turns spent in this place as a percentage of turns spent in this place.
 D = Turns resting spent in this place as a percentage of non-inter-level travel turns spent in this place.
 E = Turns spent auto-exploring this place as a percentage of non-inter-level travel turns spent in this place.
 F = Non-inter-level travel turns spent in this place divided by the number of levels of this place that you've seen.
                   A       B       C       D       E      F
               +-------+-------+-------+-------+-------+----------------------
         Total | 100.0 | 100.0 |   2.8 |  17.2 |  55.4 | 507.5
       Dungeon | 100.0 | 100.0 |   2.8 |  17.2 |  55.4 | 507.5
               +-------+-------+-------+-------+-------+----------------------

Table legend:
 A = Non-vault XP
 B = Vault XP
 C = Vault XP percentage of total XP
 D = Non-vault monster count
 E = Vault monster count
 F = Vault count percentage of total count
 G = Total turns spent on level
                 A         B        C        D         E       F
            +---------+---------+-------+---------+---------+-------
      Total |      30 |       0 |   0.0 |      20 |       0 |   0.0
            +---------+---------+-------+---------+---------+-------
        D:1 |      30 |       0 |   0.0 |      20 |       0 |   0.0
            +---------+---------+-------+---------+---------+-------
